 Dungeon Crawl Stone Soup version 0.18.1-48-g4cf74bf (webtiles) character file.

9285 dvd the Spear-Bearer (level 11, -7/87 HPs)
             Began as a Merfolk Gladiator on Aug 13, 2016.
             Was a High Priest of Okawaru.
             Mangled by a blink frog (14 damage)
             ... on level 1 of the Lair of Beasts.
             The game lasted 00:42:19 (13537 turns).

dvd the Spear-Bearer (Merfolk Gladiator)           Turns: 13537, Time: 00:42:20

Health: -7/87      AC:  8    Str: 17    XL:     11   Next: 44%
Magic:  2/4        EV: 21    Int:  6    God:    Okawaru [*****.]
Gold:   641        SH:  0    Dex: 12    Spells: 0 memorised, 10 levels left

rFire  + + .     SeeInvis .     i - +2 scythe (antimagic)
rCold  + . .     Gourm    .     N - +0 leather armour {rF+}
rNeg   . . .     Faith    .     (shield currently unavailable)
rPois  .         Spirit   .     c - +0 helmet
rElec  .         Dismiss  .     F - +0 cloak
rCorr  .         Reflect  .     (no gloves)
SustAt .         Harm     .     s - +0 pair of boots
MR     .....     Rnd*Tele +     R - amulet of regeneration
Stlth  +++++.....               (no ring)
                                j - ring of teleportation (curse)

@: heroism, not resistant to hostile enchantments, quite stealthy
A: change form in water, swift swim, clumsy 2, cold resistance 1, dopey 1, fire
resistance 1, teleportitis 1
a: Heroism, Finesse, Renounce Religion


You were on level 1 of the Lair of Beasts.
You worshipped Okawaru.
Okawaru was extremely pleased with you.
You were not hungry.

You visited 3 branches of the dungeon, and saw 11 of its levels.

You collected 641 gold pieces.

Inventory:

Hand Weapons
 a - a +1 trident
 b - a +1 scimitar of flaming
 i - a +2 antimagic scythe (weapon)
 r - a +2 flail of protection
 v - a cursed -3 blowgun
 I - a +2 short sword of venom
 M - the +9 morningstar "Mufeeq" {crush, +Fly Str+2}
   (You found it on level 9 of the Dungeon)

   It inflicts extra damage upon your enemies.
   It affects your strength (+2).
   It lets you fly.
 O - a +2 war axe of electrocution
Missiles
 d - 5 throwing nets
 q - 6 needles of sleeping
 w - 12 curare-tipped needles
 C - 8 poisoned javelins (quivered)
 H - 6 javelins of penetration
Armour
 c - a +0 helmet (worn)
 s - a +0 pair of boots (worn)
 F - a +0 cloak (worn)
 N - a +0 leather armour of fire resistance (worn)
Jewellery
 j - a cursed ring of teleportation (left hand)
 B - an uncursed amulet of dismissal
 K - an uncursed ring of ice
 R - an amulet of regeneration (around neck)
Wands
 g - a wand of confusion (15/48)
 k - a wand of disintegration (0/24)
 m - a wand of slowing (14/48)
 y - a wand of paralysis (16/24)
 E - a wand of iceblast (11/15)
 J - a wand of iceblast (5/15)
 L - a wand of disintegration (20/24)
 P - a wand of confusion (23/48)
Scrolls
 e - 9 scrolls of identify
 h - 2 scrolls of fear
 p - 2 scrolls of teleportation
 t - 4 scrolls of magic mapping
 z - 2 scrolls of blinking
 D - a scroll of amnesia
Potions
 n - a potion of haste
 o - a potion of might
 x - 2 potions of ambrosia
 Q - a potion of curing
Books
 G - a book of Clouds

   Spells                             Type                      Level
   a - Mephitic Cloud                 Conjuration/Poison/Air       3
   b - Conjure Flame                  Conjuration/Fire             3
   c - Poisonous Cloud                Conjuration/Poison/Air       6
   d - Freezing Cloud                 Conjuration/Ice/Air          6
   e - Ring of Flames                 Charms/Fire                  7
Comestibles
 f - 7 bread rations
 l - 4 meat rations
 u - 2 beef jerkies
 A - 9 fruits
 S - a chunk of flesh


   Skills:
 + Level 8.8(13.8) Fighting
 + Level 0.1(5.1) Maces & Flails
 + Level 13.2(18.2) Polearms
 + Level 2.2(7.2) Throwing
 + Level 4.1(9.1) Armour
 + Level 12.8(17.8) Dodging
 + Level 6.2(11.2) Stealth
 + Level 2.3 Invocations
 + Level 1.8 Evocations


You had 10 spell levels left.
You didn't know any spells.

Dungeon Overview and Level Annotations

Branches:
Dungeon (9/15)             Temple (1/1) D:4            Lair (1/8) D:8
    Orc: D:9-12

Altars:
Ashenzari
Cheibriados
Dithmenos
Elyvilon
Fedhas
Gozag
Kikubaaqudgha
Makhleb
Nemelex Xobeh
Okawaru
Pakellas
Qazlal
Ru
Sif Muna
Trog
Vehumet
Xom
Yredelemnul
Zin
The Shining One
Lugonu

Shops:
D:6 }*   D:7 %

Annotations:
D:8 exclusion: oklob plant


Innate Abilities, Weirdness & Mutations

You revert to your normal form in water.
You are very nimble and swift while swimming.
You are very clumsy. (Dex -4)
Your flesh is cold resistant.
You are dopey. (Int -2)
Your flesh is heat resistant.
You are occasionally teleported next to monsters.


Message History

You barely miss the blink frog.
The blink frog is severely wounded.
The blink frog hits you.
The blink frog blinks!
The blink frog hits you but does no damage.
You hit the blink frog.
The blink frog's magic leaks into the air.
The blink frog is lightly wounded.
The blink frog closely misses you.
You barely miss the blink frog.
The blink frog is lightly wounded.
The blink frog hits you!
* * * LOW HITPOINT WARNING * * *
You gain the combat prowess of a mighty hero.
You feel slightly more hungry. The blink frog hits you!
* * * LOW HITPOINT WARNING * * *
You hit the blink frog.
The blink frog's magic leaks into the air.
The blink frog is almost dead.
The blink frog hits you!
You die...

# ##. ... #.# #.# # #>#
. ..## #@# ####Y. ..P#
#F# ##.P.Y .. ...##F#
#.... ...##.#F.## #..#
#.......######.##.#
##...<....ยง...Y...#
#...#...##Y#.Y..#..#
#....................#
.#P....####?###...#...#


You could see 3 blink frogs.

Vanquished Creatures
  Erica (D:9)
  Maurice (D:8)
  Psyche (D:8)
  A komodo dragon (D:8)
  2 two-headed ogres (D:8)
  A merfolk (D:9)
  2 blink frogs
  Sigmund (D:6)
  6 yaks (Lair:1)
  2 water moccasins
  2 black bears (D:8)
  5 ice beasts
  An orc warrior (D:7)
  2 phantoms (D:4)
  A necrophage (D:8)
  A sky beast (D:7)
  2 eyes of draining (D:5)
  4 ogres
  4 centaurs
  14 big kobolds
  4 giant frogs
  A wyvern zombie (D:6)
  3 scorpions
  14 killer bees (D:9)
  A wight (D:5)
  4 howler monkeys (D:8)
  2 vampire bats (D:3)
  7 crimson imps
  A centaur zombie (D:5)
  3 hounds
  A quasit (D:9)
  7 orc priests
  2 giant frog skeletons
  A jelly (D:8)
  3 worker ants
  7 orc wizards
  A hound skeleton (D:4)
  2 worker ant zombies
  13 adders
  5 gnolls
  A howler monkey skeleton (D:7)
  2 shadow imps
  An ooze (D:5)
  2 adder skeletons (D:8)
  2 worms (D:4)
  16 dart slugs
  10 giant geckos
  18 orcs
  2 ball pythons
  3 bat skeletons (D:3)
  2 bat zombies (D:3)
  5 giant cockroaches
  8 goblins
  7 hobgoblins
  9 jackals
  19 kobolds
  5 quokkas
  13 bats
  6 giant newts
  A quokka skeleton (D:5)
  10 rats
278 creatures vanquished.

Vanquished Creatures (others)
  4 plants (D:8)
  17 toadstools (D:8)
21 creatures vanquished.

Grand Total: 299 creatures vanquished

Notes
Turn   | Place    | Note
--------------------------------------------------------------
     0 | D:1      | dvd the Merfolk Gladiator began the quest for the Orb.
     0 | D:1      | Reached XP level 1. HP: 16/16 MP: 1/1
   122 | D:1      | Reached XP level 2. HP: 23/23 MP: 2/2
  1023 | D:2      | Found an iron altar of Okawaru.
  1053 | D:2      | Became a worshipper of Warmaster Okawaru
  1071 | D:2      | Reached skill level 5 in Polearms
  1071 | D:2      | Reached XP level 3. HP: 21/28 MP: 3/3
  1204 | D:2      | Found an opulent altar of Gozag.
  1332 | D:2      | Reached XP level 4. HP: 19/34 MP: 4/4
  1657 | D:2      | Reached skill level 5 in Dodging
  2047 | D:3      | Reached XP level 5. HP: 29/40 MP: 5/5
  2417 | D:3      | Noticed an ice beast
  2420 | D:3      | Killed an ice beast
  2420 | D:3      | Reached * piety under Okawaru
  2420 | D:3      | Reached skill level 6 in Polearms
  2420 | D:3      | Reached skill level 1 in Armour
  2420 | D:3      | Reached skill level 1 in Stealth
  2420 | D:3      | Reached XP level 6. HP: 47/47 MP: 6/6
  2608 | D:3      | Found an ancient bone altar of Kikubaaqudgha.
  2713 | D:3      | Found a burning altar of Makhleb.
  3243 | D:3      | Reached skill level 7 in Polearms
  3506 | D:3      | Reached XP level 7. HP: 52/52 MP: 7/7
  4887 | D:4      | Found a snail-covered altar of Cheibriados.
  5289 | D:4      | Reached skill level 8 in Polearms
  5345 | D:4      | Found a staircase to the Ecumenical Temple.
  5352 | Temple   | Entered the Ecumenical Temple
  5472 | D:5      | Entered Level 5 of the Dungeon
  5482 | D:5      | Reached XP level 8. HP: 48/60 MP: 8/8
  5594 | D:5      | Reached ** piety under Okawaru
  5747 | D:5      | Found a glowing golden altar of the Shining One.
  5749 | D:5      | Noticed an angel
  6084 | D:5      | Found a basalt altar of Yredelemnul.
  6086 | D:5      | Noticed a profane servitor
  6112 | D:5      | Found a deep blue altar of Sif Muna.
  6211 | D:5      | Found a bloodstained altar of Trog.
  6234 | D:5      | Reached skill level 9 in Polearms
  6249 | D:5      | Reached skill level 5 in Fighting
  6870 | D:5      | Found a glowing silver altar of Zin.
  6874 | D:5      | Found a sacrificial altar of Ru.
  7133 | D:5      | Reached XP level 9. HP: 68/68 MP: 9/9
  7399 | D:6      | Reached skill level 1 in Evocations
  7539 | D:6      | Noticed Sigmund
  7859 | D:6      | Killed Sigmund
  7859 | D:6      | Reached *** piety under Okawaru
  7928 | D:6      | Reached skill level 10 in Polearms
  7966 | D:6      | Found Ciuf's Assorted Antiques.
  7993 | D:6      | Found a shimmering altar of Xom.
  8096 | D:6      | Found an oddly glowing altar of Pakellas.
  8096 | D:6      | Found Pakellas's Prime Provisions.
  8308 | D:7      | Gained mutation: You are clumsy. (Dex -2) [mutagenic meat]
  8309 | D:7      | Gained mutation: Your flesh is heat resistant. [mutagenic meat]
  8310 | D:7      | Gained mutation: Your flesh is cold resistant. [mutagenic meat]
  8311 | D:7      | Gained mutation: You are dopey. (Int -2) [mutagenic meat]
  8312 | D:7      | Gained mutation: You are very clumsy. (Dex -4) [mutagenic meat]
  8313 | D:7      | Gained mutation: You are occasionally teleported next to monsters. [mutagenic meat]
  8332 | D:7      | Found Fecu's Food Boutique.
  8604 | D:7      | Reached skill level 10 in Dodging
  8969 | D:8      | Noticed Maurice
  8970 | D:8      | Noticed Psyche
  8987 | D:8      | Killed Psyche
  8987 | D:8      | Received a gift from Okawaru
  8987 | D:8      | Reached skill level 1 in Invocations
  8991 | D:8      | Reached skill level 11 in Polearms
  9298 | D:8      | Found a staircase to the Lair.
  9299 | D:8      | Noticed a komodo dragon
  9352 | D:8      | Reached XP level 10. HP: 70/77 MP: 3/11
  9409 | D:8      | Found a blossoming altar of Fedhas.
  9410 | D:8      | Noticed an oklob plant
  9433 | D:8      | Reached **** piety under Okawaru
  9433 | D:8      | Reached skill level 5 in Stealth
  9828 | D:8      | Received a gift from Okawaru
  9889 | D:8      | Killed Maurice
 10294 | D:8      | Reached skill level 12 in Polearms
 11376 | D:9      | Got a crude morningstar
 11377 | D:9      | Identified the +9 morningstar "Mufeeq" {crush, +Fly Str+2} (You found it on level 9 of the Dungeon)
 11716 | D:9      | Found a sparkling altar of Nemelex Xobeh.
 11842 | D:9      | Reached XP level 11. HP: 29/87 MP: 1/12
 12070 | D:9      | Found a sacrificial altar of Ru.
 12076 | D:9      | HP: 4/87 [orc wizard/vampiric dagger (4)]
 12401 | D:9      | Noticed Erica
 12416 | D:9      | Killed Erica
 12709 | D:9      | Found a shadowy altar of Dithmenos.
 13198 | Lair:1   | Entered Level 1 of the Lair of Beasts
 13212 | D:8      | Reached skill level 13 in Polearms
 13400 | Lair:1   | Reached ***** piety under Okawaru
 13537 | Lair:1   | Mangled by a blink frog

Skill      XL: |  1  2  3  4  5  6  7  8  9 10 11 |
---------------+----------------------------------+-----
Polearms       | 5 6 7 8 9 11 12 13 | 13.2
Dodging        | 5 6 7 8 10 12 | 12.8
Fighting       | 3 4 5 6 8 |  8.8
Armour         | 1 2 3 4 |  4.1
Stealth        | 1 2 3 4 5 6 |  6.2
Evocations     | 1 |  1.8
Invocations    | 1 2 |  2.3
Maces & Flails | |  0.1
Throwing       | |  2.2

Action                   |  1- 3 |  4- 6 |  7- 9 | 10-12 || total
-------------------------+-------+-------+-------+-------++-------
Melee: Trident           |    98 |   215 |   420 |       ||   733
       Tailslap          |       |     1 |       |       ||     1
       Scythe            |       |       |   102 |   392 ||   494
       Morningstar       |       |       |       |     7 ||     7
Throw: Throwing net      |     1 |       |       |       ||     1
       Javelin           |       |       |       |     1 ||     1
Invok: Heroism           |       |       |     8 |    13 ||    21
Evoke: Wand              |       |     1 |    12 |     9 ||    22
  Use: Scroll            |     6 |     3 |     5 |     3 ||    17
       Potion            |       |       |    14 |     3 ||    17
 Stab: Sleeping          |     2 |     2 |     4 |     5 ||    13
       Invisible         |       |       |     3 |       ||     3
       Paralysed         |       |       |     3 |       ||     3
       Confused          |       |       |     1 |     3 ||     4
       Distracted        |       |       |     1 |     1 ||     2
  Eat: Chunk             |     1 |     7 |    27 |    12 ||    47
       Pizza             |       |       |       |     1 ||     1
       Royal jelly       |       |       |       |     1 ||     1
Armor: Leather armour    |    20 |    49 |    65 |    76 ||   210
Dodge: Dodged            |    58 |   150 |   268 |   479 ||   955
